[ PARTIDA AOE2 · #478501741 ]
UnrankedTurcos vs Mongols
Equipo del jugador · DERR
[ ANÁLISIS DE REPETICIÓN · EXTRAÍDO DE LA PARTIDA GRABADA ]
Feudal
11:32
Castillos
15:42
Imperial
—
| APM promedio | 34.3 |
| APM pico | 83 |
| eAPM promedio | 18.4 |
| Aldeanos / militares | 98 / 3 |
Foco
⚔️ 13.4% · 🌾 86.6%
Scout Cavalry ×2 · Spearman ×1
Feudal
10:53
Castillos
16:11
Imperial
—
| APM promedio | 30.7 |
| APM pico | 80 |
| eAPM promedio | 21.3 |
| Aldeanos / militares | 159 / 29 |
Foco
⚔️ 21.9% · 🌾 78.1%
Scorpion ×18 · Ballista Elephant ×11
Feudal
8:28
Castillos
21:29
Imperial
—
| APM promedio | 44.0 |
| APM pico | 87 |
| eAPM promedio | 20.0 |
| Aldeanos / militares | 142 / 68 |
Foco
⚔️ 22.6% · 🌾 77.4%
Camel Scout ×26 · Knight ×14 · Scout Cavalry ×14 · Steppe Lancer ×14
Feudal
9:19
Castillos
25:37
Imperial
—
| APM promedio | 56.6 |
| APM pico | 103 |
| eAPM promedio | 28.9 |
| Aldeanos / militares | 141 / 44 |
Foco
⚔️ 28.9% · 🌾 71.1%
Archer ×43 · Spearman ×1
Feudal
10:03
Castillos
17:49
Imperial
—
| APM promedio | 32.6 |
| APM pico | 54 |
| eAPM promedio | 16.3 |
| Aldeanos / militares | 85 / 43 |
Foco
⚔️ 22.4% · 🌾 77.6%
Knight ×33 · Flemish Militia ×6 · Monk ×2 · Scout Cavalry ×2
Feudal
10:37
Castillos
14:12
Imperial
28:51
| APM promedio | 41.7 |
| APM pico | 91 |
| eAPM promedio | 23.5 |
| Aldeanos / militares | 122 / 55 |
Foco
⚔️ 28.1% · 🌾 71.9%
Spearman ×25 · Monk ×19 · Bombard Cannon ×11
Feudal
9:18
Castillos
23:13
Imperial
—
| APM promedio | 49.4 |
| APM pico | 133 |
| eAPM promedio | 19.5 |
| Aldeanos / militares | 110 / 23 |
Foco
⚔️ 26.2% · 🌾 73.8%
Scout Cavalry ×14 · Knight ×8 · Missionary ×1
Feudal
9:37
Castillos
24:02
Imperial
33:57
| APM promedio | 41.3 |
| APM pico | 70 |
| eAPM promedio | 24.4 |
| Aldeanos / militares | 156 / 40 |
Foco
⚔️ 31.9% · 🌾 68.1%
Spearman ×22 · Battering Ram ×18
Mapa de la partida
Recursos iniciales + cada clic de construcción. Líneas = muros · curvas = relieve. ◆ oro · ⬟ piedra · ● bayas · ✦ reliquia · ◌ hueco del cierre
Tu base· ✓ Cerrada en 15:42 · 12t muro · 1 puerta(s)
Base de Bizans Imparatoru Kahpe Leon· ✓ Cerrada en 16:11 · 37t muro · 2 puerta(s)
Base de cyber01599· ✓ Cerrada en 21:29 · 11t muro · 1 puerta(s)
Base de teko55· ✓ Cerrada en 25:37 · 48t muro · 2 puerta(s)
Base de SeemsFishy· ✓ Cerrada en 17:49 · 11t muro · sin puerta
Base de 1165498765132· Abierta — flanco sin cerrar
Base de manfred_the_pig· ✓ Cerrada en 23:13 · 12t muro · sin puerta
Base de ohawan12312· ✓ Cerrada en 24:02 · 3t muro · sin puerta
Terreno inicial suavizado · ◌ = hueco del cierre detectado · pasá el cursor para detalles
Inputs por minuto
— Surion - - Bizans Imparatoru Kahpe Leon
Build order — Surion
Primeras 150 de 200 acciones detectadas
| 0:01 | Crear | Villager (Male) |
| 0:01 | Crear | Villager (Male) |
| 0:03 | Construir | House |
| 0:03 | Construir | House |
| 0:09 | Crear | Villager (Male) |
| 0:26 | Crear | Villager (Male) |
| 0:26 | Crear | Villager (Male) |
| 1:28 | Crear | Villager (Male) |
| 1:28 | Crear | Villager (Male) |
| 2:03 | Crear | Villager (Male) |
| 2:22 | Construir | Lumber Camp |
| 2:33 | Crear | Villager (Male) |
| 2:33 | Crear | Villager (Male) |
| 2:36 | Crear | Villager (Male) |
| 2:36 | Crear | Villager (Male) |
| 3:34 | Crear | Villager (Male) |
| 3:34 | Crear | Villager (Male) |
| 3:34 | Crear | Villager (Male) |
| 4:00 | Crear | Villager (Male) |
| 4:37 | Construir | House |
| 4:59 | Construir | House |
| 5:03 | Crear | Villager (Male) |
| 5:03 | Crear | Villager (Male) |
| 5:03 | Crear | Villager (Male) |
| 5:32 | Construir | Mill |
| 5:53 | Crear | Villager (Male) |
| 6:19 | Crear | Villager (Male) |
| 7:15 | Crear | Villager (Male) |
| 7:16 | Crear | Villager (Male) |
| 7:17 | Crear | Villager (Male) |
| 7:40 | Crear | Villager (Male) |
| 7:53 | Construir | Mining Camp |
| 8:54 | Construir | Barracks |
| 8:57 | Investigar | Loom |
| 8:57 | Investigar | Feudal Age |
| 9:36 | Construir | House |
| 10:32 | Crear | Villager (Male) |
| 10:46 | Construir | Farm |
| 10:54 | Construir | Farm |
| 11:32 | Edad | Edad Feudal |
| 11:39 | Construir | Market |
| 11:41 | Crear | Villager (Male) |
| 12:19 | Construir | Stable |
| 12:28 | Crear | Villager (Male) |
| 13:02 | Investigar | Castle Age |
| 13:02 | Investigar | Castle Age |
| 13:06 | Construir | Farm |
| 13:06 | Construir | Farm |
| 13:06 | Construir | Farm |
| 13:07 | Crear | Villager (Male) |
| 13:10 | Crear | Scout Cavalry |
| 13:14 | Investigar | Double-Bit Axe |
| 13:14 | Investigar | Double-Bit Axe |
| 13:30 | Investigar | Horse Collar |
| 13:30 | Investigar | Horse Collar |
| 13:30 | Crear | Villager (Male) |
| 13:48 | Construir | Farm |
| 13:51 | Crear | Villager (Male) |
| 13:57 | Construir | Farm |
| 14:13 | Construir | Farm |
| 14:26 | Construir | Palisade Wall |
| 14:31 | Construir | House |
| 14:32 | Construir | Palisade Wall |
| 14:37 | Construir | Palisade Wall |
| 14:38 | Crear | Villager (Male) |
| 14:46 | Crear | Villager (Male) |
| 14:49 | Construir | Farm |
| 14:51 | Construir | Farm |
| 14:55 | Construir | Palisade Gate |
| 15:11 | Crear | Scout Cavalry |
| 15:12 | Crear | Spearman |
| 15:17 | Construir | House |
| 15:19 | Construir | Palisade Wall |
| 15:24 | Crear | Villager (Male) |
| 15:42 | Edad | Edad de los Castillos |
| 15:47 | Crear | Villager (Male) |
| 16:24 | Crear | Villager (Male) |
| 16:34 | Construir | Town Center |
| 17:41 | Crear | Villager (Male) |
| 17:52 | Crear | Villager (Male) |
| 18:04 | Investigar | Husbandry |
| 18:11 | Crear | Villager (Male) |
| 18:13 | Crear | Villager (Male) |
| 18:26 | Crear | Villager (Male) |
| 18:36 | Construir | Farm |
| 18:37 | Construir | Farm |
| 18:40 | Construir | Farm |
| 18:47 | Construir | Farm |
| 19:04 | Construir | Stable |
| 19:10 | Construir | House |
| 20:07 | Construir | Lumber Camp |
| 20:15 | Construir | House |
| 20:16 | Construir | House |
| 20:47 | Construir | Farm |
| 20:51 | Construir | Farm |
| 20:54 | Construir | Farm |
| 21:02 | Construir | Farm |
| 21:18 | Crear | Villager (Male) |
| 21:52 | Construir | Farm |
| 21:53 | Crear | Villager (Male) |
| 22:12 | Construir | Market |
| 22:26 | Crear | Villager (Male) |
| 22:26 | Crear | Villager (Male) |
| 22:30 | Construir | Farm |
| 22:34 | Construir | Farm |
| 22:55 | Crear | Villager (Male) |
| 23:01 | Construir | Farm |
| 23:13 | Construir | Farm |
| 23:20 | Crear | Villager (Male) |
| 23:48 | Construir | Town Center |
| 23:50 | Crear | Villager (Male) |
| 24:15 | Crear | Villager (Male) |
| 24:19 | Crear | Villager (Male) |
| 24:24 | Construir | Farm |
| 24:25 | Crear | Villager (Male) |
| 24:53 | Construir | Mining Camp |
| 24:54 | Crear | Villager (Male) |
| 25:26 | Crear | Villager (Male) |
| 25:42 | Crear | Villager (Male) |
| 25:49 | Crear | Villager (Male) |
| 26:21 | Construir | Town Center |
| 26:23 | Crear | Villager (Male) |
| 26:27 | Crear | Villager (Male) |
| 26:52 | Crear | Villager (Male) |
| 27:33 | Construir | University |
| 27:33 | Crear | Villager (Male) |
| 27:36 | Construir | House |
| 27:37 | Construir | House |
| 27:39 | Crear | Villager (Male) |
| 27:42 | Crear | Villager (Male) |
| 27:54 | Construir | House |
| 27:54 | Construir | House |
| 27:57 | Crear | Villager (Male) |
| 27:58 | Crear | Villager (Male) |
| 28:12 | Crear | Villager (Male) |
| 28:15 | Crear | Villager (Male) |
| 28:21 | Crear | Villager (Male) |
| 28:28 | Investigar | Bow Saw |
| 28:29 | Investigar | Bow Saw |
| 28:39 | Investigar | Heavy Plow |
| 28:39 | Investigar | Heavy Plow |
| 28:43 | Construir | Farm |
| 28:44 | Crear | Villager (Male) |
| 28:46 | Construir | House |
| 28:47 | Construir | House |
| 28:47 | Crear | Villager (Male) |
| 29:00 | Crear | Villager (Male) |
| 29:07 | Crear | Villager (Male) |
| 29:08 | Construir | Farm |
| 29:18 | Construir | Farm |
Build order — Bizans Imparatoru Kahpe Leon
Primeras 150 de 228 acciones detectadas
| 0:01 | Investigar | Loom |
| 0:02 | Investigar | Loom |
| 0:02 | Crear | Villager (Male) |
| 0:02 | Crear | Villager (Male) |
| 0:02 | Crear | Villager (Male) |
| 0:03 | Crear | Villager (Male) |
| 0:03 | Crear | Villager (Male) |
| 0:04 | Construir | House |
| 0:05 | Construir | House |
| 1:25 | Crear | Villager (Male) |
| 1:26 | Crear | Villager (Male) |
| 2:04 | Crear | Villager (Male) |
| 2:04 | Crear | Villager (Male) |
| 2:39 | Crear | Villager (Male) |
| 2:39 | Crear | Villager (Male) |
| 3:02 | Crear | Villager (Male) |
| 3:02 | Crear | Villager (Male) |
| 3:29 | Crear | Villager (Male) |
| 3:30 | Crear | Villager (Male) |
| 3:38 | Construir | House |
| 3:45 | Construir | Palisade Wall |
| 3:48 | Construir | Palisade Wall |
| 3:51 | Construir | Palisade Gate |
| 3:53 | Construir | Palisade Wall |
| 3:59 | Crear | Villager (Male) |
| 3:59 | Crear | Villager (Male) |
| 4:02 | Construir | House |
| 4:35 | Crear | Villager (Male) |
| 4:35 | Crear | Villager (Male) |
| 4:58 | Crear | Villager (Male) |
| 4:59 | Crear | Villager (Male) |
| 5:20 | Construir | House |
| 5:48 | Crear | Villager (Male) ×2 |
| 5:48 | Crear | Villager (Male) ×2 |
| 5:48 | Crear | Villager (Male) ×2 |
| 6:09 | Crear | Villager (Male) |
| 6:10 | Crear | Villager (Male) |
| 6:26 | Crear | Villager (Male) ×2 |
| 6:26 | Crear | Villager (Male) ×2 |
| 6:42 | Construir | Lumber Camp |
| 7:43 | Crear | Villager (Male) |
| 8:08 | Crear | Villager (Male) |
| 8:40 | Investigar | Feudal Age |
| 8:40 | Investigar | Feudal Age |
| 8:47 | Construir | Mining Camp |
| 8:54 | Construir | House |
| 10:05 | Construir | Mill |
| 10:49 | Crear | Villager (Male) |
| 10:49 | Crear | Villager (Male) |
| 10:53 | Edad | Edad Feudal |
| 10:58 | Construir | Stone Wall |
| 11:00 | Construir | Gate |
| 11:02 | Construir | Stone Wall |
| 11:04 | Construir | Stone Wall |
| 11:42 | Crear | Villager (Male) |
| 12:09 | Crear | Villager (Male) |
| 12:43 | Crear | Villager (Male) |
| 13:10 | Crear | Villager (Male) |
| 13:22 | Construir | Mining Camp |
| 13:31 | Investigar | Castle Age |
| 13:31 | Investigar | Castle Age |
| 14:15 | Construir | House |
| 14:40 | Construir | Mining Camp |
| 15:22 | Crear | Villager (Male) ×2 |
| 15:22 | Crear | Villager (Male) ×2 |
| 16:11 | Edad | Edad de los Castillos |
| 16:14 | Crear | Villager (Male) |
| 16:14 | Crear | Villager (Male) |
| 16:22 | Construir | Castle |
| 16:37 | Construir | Lumber Camp |
| 17:00 | Crear | Villager (Male) |
| 17:56 | Construir | Farm |
| 18:21 | Construir | Farm |
| 18:36 | Construir | Farm |
| 18:39 | Construir | Farm |
| 18:55 | Construir | Farm |
| 19:06 | Crear | Villager (Male) |
| 19:06 | Crear | Villager (Male) |
| 19:11 | Construir | Farm |
| 19:24 | Construir | Farm |
| 19:51 | Crear | Villager (Male) |
| 19:51 | Crear | Villager (Male) |
| 19:57 | Construir | Farm |
| 20:08 | Crear | Ballista Elephant |
| 20:34 | Crear | Villager (Male) |
| 20:34 | Crear | Villager (Male) |
| 20:49 | Construir | Town Center |
| 20:52 | Crear | Villager (Male) |
| 21:01 | Crear | Villager (Male) |
| 21:01 | Crear | Villager (Male) |
| 21:19 | Crear | Ballista Elephant |
| 21:19 | Crear | Ballista Elephant |
| 21:33 | Crear | Villager (Male) |
| 21:33 | Crear | Villager (Male) |
| 21:48 | Crear | Villager (Male) |
| 21:49 | Crear | Villager (Male) |
| 22:07 | Crear | Villager (Male) ×2 |
| 22:08 | Crear | Villager (Male) ×2 |
| 22:14 | Construir | Farm |
| 22:15 | Construir | Farm |
| 22:16 | Crear | Villager (Male) |
| 22:37 | Crear | Villager (Male) ×2 |
| 22:37 | Crear | Villager (Male) ×2 |
| 22:47 | Crear | Villager (Male) ×2 |
| 22:47 | Crear | Villager (Male) ×2 |
| 22:54 | Construir | Siege Workshop |
| 23:00 | Crear | Ballista Elephant |
| 23:00 | Crear | Ballista Elephant |
| 23:21 | Crear | Villager (Male) |
| 23:22 | Crear | Villager (Male) |
| 23:32 | Construir | Farm |
| 23:34 | Crear | Villager (Male) |
| 23:35 | Crear | Villager (Male) |
| 23:57 | Crear | Villager (Male) |
| 23:58 | Crear | Villager (Male) |
| 24:07 | Crear | Villager (Male) |
| 24:08 | Crear | Villager (Male) |
| 24:13 | Crear | Villager (Male) |
| 24:13 | Crear | Villager (Male) |
| 24:20 | Construir | Gate |
| 24:23 | Construir | Stone Wall |
| 24:25 | Crear | Villager (Male) |
| 24:25 | Crear | Villager (Male) |
| 24:40 | Crear | Ballista Elephant |
| 24:40 | Crear | Ballista Elephant |
| 24:45 | Crear | Scorpion ×2 |
| 24:45 | Crear | Scorpion ×2 |
| 24:52 | Crear | Villager (Male) |
| 24:52 | Crear | Villager (Male) |
| 25:05 | Construir | Farm |
| 25:05 | Construir | Farm |
| 25:10 | Crear | Villager (Male) |
| 25:10 | Crear | Villager (Male) |
| 25:18 | Crear | Villager (Male) |
| 25:22 | Construir | Farm |
| 25:34 | Construir | Farm |
| 25:42 | Crear | Ballista Elephant |
| 25:42 | Crear | Ballista Elephant |
| 25:51 | Construir | Stone Wall |
| 25:53 | Construir | Stone Wall |
| 25:55 | Crear | Villager (Male) |
| 25:55 | Crear | Villager (Male) |
| 26:04 | Crear | Villager (Male) |
| 26:33 | Crear | Villager (Male) |
| 26:33 | Crear | Villager (Male) |
| 26:34 | Crear | Villager (Male) |
| 26:45 | Investigar | Double-Bit Axe |
| 26:45 | Investigar | Double-Bit Axe |
| 26:49 | Construir | Farm |
| 26:50 | Construir | Farm |
Build order — cyber01599
Primeras 150 de 338 acciones detectadas
| 0:01 | Crear | Villager (Male) |
| 0:01 | Crear | Villager (Male) |
| 0:02 | Construir | House |
| 0:03 | Construir | House |
| 0:06 | Crear | Villager (Male) |
| 0:06 | Crear | Villager (Male) |
| 1:32 | Crear | Villager (Male) |
| 1:33 | Crear | Villager (Male) |
| 1:33 | Crear | Villager (Male) |
| 2:04 | Crear | Villager (Male) |
| 2:12 | Construir | Lumber Camp |
| 2:57 | Crear | Villager (Male) |
| 2:58 | Crear | Villager (Male) |
| 2:58 | Crear | Villager (Male) |
| 3:30 | Crear | Villager (Male) |
| 3:31 | Crear | Villager (Male) |
| 3:47 | Crear | Villager (Male) |
| 3:47 | Crear | Villager (Male) |
| 3:47 | Crear | Villager (Male) |
| 3:54 | Construir | House |
| 4:28 | Crear | Villager (Male) |
| 4:29 | Crear | Villager (Male) |
| 4:46 | Construir | Mill |
| 4:59 | Crear | Villager (Male) |
| 4:59 | Crear | Villager (Male) |
| 5:00 | Crear | Villager (Male) |
| 5:46 | Investigar | Loom |
| 6:08 | Investigar | Feudal Age |
| 7:19 | Construir | Barracks |
| 7:36 | Crear | Villager (Male) |
| 7:44 | Construir | House |
| 8:13 | Crear | Villager (Male) |
| 8:28 | Edad | Edad Feudal |
| 8:35 | Construir | Stable |
| 8:37 | Investigar | Double-Bit Axe |
| 8:55 | Crear | Villager (Male) |
| 8:59 | Investigar | Horse Collar |
| 9:13 | Construir | Palisade Gate |
| 9:17 | Construir | House |
| 9:20 | Construir | Palisade Wall |
| 9:21 | Construir | Palisade Wall |
| 9:30 | Crear | Scout Cavalry |
| 9:30 | Crear | Scout Cavalry |
| 9:30 | Crear | Scout Cavalry |
| 9:33 | Crear | Villager (Male) |
| 9:34 | Crear | Villager (Male) |
| 9:39 | Construir | Farm |
| 9:54 | Crear | Scout Cavalry |
| 9:56 | Crear | Villager (Male) |
| 9:59 | Construir | Farm |
| 10:15 | Construir | Farm |
| 10:20 | Crear | Villager (Male) |
| 10:39 | Construir | House |
| 10:42 | Construir | Farm |
| 10:48 | Construir | Farm |
| 10:51 | Construir | Farm |
| 11:01 | Crear | Villager (Male) |
| 11:07 | Construir | House |
| 11:08 | Construir | House |
| 11:10 | Crear | Villager (Male) |
| 11:14 | Construir | Farm |
| 11:15 | Crear | Scout Cavalry |
| 11:16 | Crear | Scout Cavalry |
| 11:39 | Crear | Scout Cavalry |
| 11:45 | Construir | Farm |
| 11:48 | Construir | Farm |
| 11:49 | Crear | Villager (Male) |
| 11:53 | Construir | House |
| 12:10 | Crear | Villager (Male) |
| 12:15 | Crear | Scout Cavalry |
| 12:15 | Crear | Scout Cavalry |
| 12:20 | Construir | Farm |
| 12:25 | Construir | Farm |
| 12:26 | Crear | Villager (Male) |
| 12:29 | Construir | Farm |
| 12:42 | Construir | Farm |
| 12:43 | Crear | Villager (Male) |
| 12:48 | Construir | House |
| 13:14 | Crear | Villager (Male) |
| 13:15 | Crear | Villager (Male) |
| 13:22 | Construir | Farm |
| 13:23 | Construir | Farm |
| 13:27 | Construir | House |
| 13:28 | Construir | Palisade Wall |
| 13:37 | Crear | Scout Cavalry |
| 13:38 | Crear | Scout Cavalry |
| 13:38 | Crear | Scout Cavalry |
| 13:55 | Crear | Villager (Male) |
| 14:02 | Construir | Blacksmith |
| 14:28 | Crear | Scout Cavalry |
| 14:29 | Crear | Scout Cavalry |
| 14:29 | Crear | Villager (Male) |
| 14:32 | Crear | Villager (Male) |
| 14:35 | Construir | Mining Camp |
| 14:56 | Investigar | Wheelbarrow |
| 15:25 | Crear | Villager (Male) |
| 15:28 | Crear | Villager (Male) |
| 15:34 | Construir | Farm |
| 15:38 | Construir | Farm |
| 15:39 | Construir | Farm |
| 15:40 | Construir | Farm |
| 15:52 | Investigar | Forging |
| 16:16 | Investigar | Scale Barding Armor |
| 17:29 | Crear | Villager (Male) |
| 17:29 | Crear | Villager (Male) |
| 17:36 | Construir | Lumber Camp |
| 17:43 | Construir | Farm |
| 17:43 | Construir | Farm |
| 17:44 | Construir | Farm |
| 18:15 | Crear | Villager (Male) |
| 18:49 | Investigar | Castle Age |
| 19:01 | Investigar | Bloodlines |
| 19:01 | Investigar | Bloodlines |
| 19:48 | Investigar | Gold Mining |
| 19:48 | Investigar | Gold Mining |
| 19:55 | Construir | Stable |
| 19:58 | Construir | Stable |
| 21:14 | Construir | House |
| 21:15 | Construir | House |
| 21:15 | Construir | House |
| 21:29 | Edad | Edad de los Castillos |
| 21:34 | Construir | Town Center |
| 21:39 | Construir | Town Center |
| 21:46 | Construir | Town Center |
| 21:53 | Investigar | Husbandry |
| 21:54 | Crear | Camel Scout |
| 21:55 | Crear | Camel Scout |
| 21:55 | Crear | Camel Scout |
| 21:56 | Crear | Steppe Lancer |
| 21:56 | Crear | Steppe Lancer |
| 21:57 | Investigar | Chain Barding Armor |
| 21:58 | Investigar | Chain Barding Armor |
| 21:58 | Crear | Villager (Male) |
| 21:59 | Crear | Villager (Male) |
| 22:19 | Crear | Steppe Lancer |
| 22:19 | Crear | Steppe Lancer |
| 22:20 | Crear | Villager (Male) |
| 22:22 | Crear | Villager (Male) |
| 22:22 | Crear | Villager (Male) |
| 22:31 | Crear | Villager (Male) |
| 22:32 | Crear | Villager (Male) |
| 22:41 | Crear | Camel Scout |
| 22:41 | Crear | Camel Scout |
| 22:58 | Crear | Villager (Male) |
| 22:58 | Crear | Villager (Male) |
| 22:58 | Crear | Villager (Male) |
| 23:05 | Crear | Camel Scout |
| 23:05 | Crear | Camel Scout |
| 23:09 | Investigar | Bow Saw |
| 23:09 | Investigar | Bow Saw |
Build order — teko55
Primeras 150 de 333 acciones detectadas
| 0:01 | Crear | Villager (Male) |
| 0:01 | Crear | Villager (Male) |
| 0:01 | Crear | Villager (Male) |
| 0:03 | Construir | House |
| 0:05 | Construir | House |
| 0:08 | Crear | Villager (Male) |
| 0:08 | Crear | Villager (Male) |
| 1:19 | Crear | Villager (Male) |
| 1:20 | Crear | Villager (Male) |
| 1:42 | Crear | Villager (Male) |
| 1:42 | Crear | Villager (Male) |
| 2:13 | Crear | Villager (Male) |
| 2:14 | Crear | Villager (Male) |
| 2:51 | Crear | Villager (Male) |
| 2:52 | Crear | Villager (Male) |
| 2:53 | Crear | Villager (Male) |
| 3:21 | Crear | Villager (Male) |
| 3:33 | Crear | Villager (Male) |
| 3:35 | Crear | Villager (Male) |
| 3:42 | Crear | Villager (Male) |
| 3:42 | Crear | Villager (Male) |
| 3:52 | Construir | House |
| 3:55 | Construir | Lumber Camp |
| 4:00 | Crear | Villager (Male) |
| 4:07 | Crear | Villager (Male) |
| 4:08 | Crear | Villager (Male) |
| 5:01 | Crear | Villager (Male) |
| 5:02 | Crear | Villager (Male) |
| 5:25 | Investigar | Loom |
| 5:49 | Crear | Villager (Male) |
| 6:17 | Crear | Villager (Male) |
| 6:42 | Crear | Villager (Male) |
| 6:47 | Construir | Mining Camp |
| 7:09 | Investigar | Feudal Age |
| 7:09 | Investigar | Feudal Age |
| 8:24 | Construir | Barracks |
| 8:30 | Construir | House |
| 8:34 | Crear | Villager (Male) |
| 8:46 | Crear | Villager (Male) |
| 9:19 | Edad | Edad Feudal |
| 9:22 | Construir | Archery Range |
| 9:28 | Investigar | Double-Bit Axe |
| 9:28 | Investigar | Double-Bit Axe |
| 10:12 | Construir | Archery Range |
| 10:15 | Crear | Villager (Male) |
| 10:23 | Crear | Villager (Male) |
| 10:31 | Crear | Archer |
| 10:46 | Crear | Archer |
| 10:47 | Crear | Archer |
| 10:50 | Construir | House |
| 11:00 | Crear | Archer |
| 11:13 | Crear | Villager (Male) |
| 11:14 | Crear | Villager (Male) |
| 11:30 | Construir | Mill |
| 11:32 | Crear | Archer |
| 11:33 | Crear | Archer |
| 11:36 | Construir | House |
| 12:08 | Construir | House |
| 12:11 | Construir | House |
| 12:19 | Crear | Archer |
| 12:19 | Crear | Archer |
| 12:20 | Crear | Villager (Male) |
| 12:40 | Crear | Villager (Male) |
| 12:43 | Crear | Archer |
| 12:43 | Crear | Archer |
| 13:15 | Construir | Blacksmith |
| 13:21 | Crear | Archer |
| 13:21 | Crear | Archer |
| 13:22 | Crear | Villager (Male) |
| 13:22 | Crear | Villager (Male) |
| 13:32 | Crear | Archer |
| 13:32 | Crear | Archer |
| 13:52 | Crear | Archer |
| 13:52 | Crear | Archer |
| 14:11 | Crear | Archer |
| 14:11 | Crear | Archer |
| 14:21 | Crear | Villager (Male) |
| 14:32 | Construir | Mining Camp |
| 14:33 | Crear | Villager (Male) |
| 14:43 | Investigar | Fletching |
| 14:43 | Investigar | Fletching |
| 14:44 | Crear | Archer |
| 14:44 | Crear | Archer |
| 14:45 | Crear | Archer |
| 14:59 | Construir | Farm |
| 14:59 | Construir | Farm |
| 15:02 | Construir | House |
| 15:07 | Construir | House |
| 15:29 | Crear | Archer |
| 15:29 | Crear | Archer |
| 15:30 | Crear | Villager (Male) |
| 15:54 | Crear | Archer |
| 15:54 | Crear | Archer |
| 16:08 | Construir | Stone Wall |
| 16:13 | Construir | Gate |
| 16:24 | Crear | Archer |
| 16:24 | Crear | Archer |
| 16:25 | Crear | Villager (Male) |
| 16:29 | Crear | Villager (Male) |
| 16:29 | Crear | Villager (Male) |
| 16:38 | Crear | Archer |
| 16:39 | Crear | Archer |
| 17:11 | Crear | Archer |
| 17:11 | Crear | Archer |
| 17:11 | Crear | Villager (Male) |
| 17:14 | Construir | Farm |
| 17:14 | Construir | Farm |
| 17:20 | Construir | Lumber Camp |
| 17:25 | Crear | Archer |
| 17:25 | Crear | Archer |
| 17:33 | Crear | Villager (Male) |
| 17:36 | Construir | Farm |
| 17:41 | Construir | House |
| 17:43 | Construir | House |
| 17:51 | Construir | House |
| 17:52 | Crear | Villager (Male) |
| 18:19 | Crear | Villager (Male) |
| 18:21 | Crear | Archer |
| 18:21 | Crear | Archer |
| 18:21 | Crear | Archer |
| 18:22 | Crear | Villager (Male) |
| 18:26 | Crear | Villager (Male) |
| 18:35 | Construir | House |
| 18:37 | Construir | House |
| 18:38 | Construir | House |
| 18:39 | Construir | House |
| 18:45 | Crear | Villager (Male) |
| 18:50 | Construir | Lumber Camp |
| 19:12 | Crear | Archer |
| 19:12 | Crear | Archer |
| 19:13 | Crear | Villager (Male) |
| 19:57 | Crear | Villager (Male) |
| 19:59 | Construir | Farm |
| 19:59 | Construir | Farm |
| 19:59 | Construir | Farm |
| 20:00 | Construir | Farm |
| 20:01 | Crear | Villager (Male) |
| 20:02 | Crear | Villager (Male) |
| 20:02 | Crear | Villager (Male) |
| 20:03 | Crear | Villager (Male) |
| 20:16 | Construir | House |
| 20:17 | Construir | House |
| 20:18 | Construir | House |
| 20:52 | Crear | Villager (Male) |
| 20:58 | Construir | Farm |
| 20:58 | Construir | Farm |
| 20:59 | Construir | Farm |
| 20:59 | Construir | Farm |
| 21:00 | Crear | Villager (Male) |
| 21:01 | Crear | Villager (Male) |
Build order — SeemsFishy
Primeras 150 de 238 acciones detectadas
| 0:01 | Crear | Villager (Male) |
| 0:01 | Crear | Villager (Male) |
| 0:01 | Crear | Villager (Male) |
| 0:03 | Construir | House |
| 0:04 | Construir | House |
| 0:40 | Crear | Villager (Male) |
| 0:40 | Crear | Villager (Male) |
| 1:31 | Crear | Villager (Male) |
| 1:32 | Crear | Villager (Male) |
| 1:37 | Construir | Lumber Camp |
| 2:08 | Crear | Villager (Male) |
| 2:29 | Crear | Villager (Male) |
| 3:02 | Crear | Villager (Male) |
| 3:03 | Crear | Villager (Male) |
| 3:23 | Crear | Villager (Male) |
| 3:37 | Construir | House |
| 3:58 | Crear | Villager (Male) |
| 3:58 | Crear | Villager (Male) |
| 3:59 | Crear | Villager (Male) |
| 4:05 | Investigar | Double-Bit Axe |
| 4:24 | Crear | Villager (Male) |
| 4:24 | Crear | Villager (Male) |
| 4:40 | Crear | Villager (Male) |
| 4:51 | Crear | Villager (Male) |
| 5:04 | Construir | House |
| 5:17 | Crear | Villager (Male) |
| 6:09 | Crear | Villager (Male) |
| 6:11 | Crear | Villager (Male) |
| 6:37 | Crear | Villager (Male) |
| 6:50 | Construir | Mill |
| 7:07 | Crear | Villager (Male) |
| 7:53 | Investigar | Feudal Age |
| 7:58 | Investigar | Horse Collar |
| 8:28 | Construir | Mining Camp |
| 9:57 | Crear | Villager (Male) |
| 9:58 | Crear | Villager (Male) |
| 10:03 | Edad | Edad Feudal |
| 10:06 | Construir | Farm |
| 10:08 | Construir | Farm |
| 10:09 | Construir | Farm |
| 10:13 | Investigar | Bow Saw |
| 10:24 | Construir | Farm |
| 10:24 | Construir | Farm |
| 10:25 | Construir | Farm |
| 10:48 | Crear | Villager (Male) |
| 10:54 | Construir | House |
| 10:55 | Construir | House |
| 11:22 | Construir | Barracks |
| 11:23 | Crear | Villager (Male) |
| 11:27 | Construir | House |
| 11:34 | Construir | Market |
| 11:46 | Crear | Villager (Male) |
| 11:55 | Construir | Farm |
| 11:57 | Construir | Farm |
| 12:11 | Crear | Villager (Male) |
| 12:19 | Investigar | Heavy Plow |
| 12:36 | Crear | Villager (Male) |
| 12:44 | Construir | Blacksmith |
| 13:02 | Crear | Villager (Male) |
| 13:04 | Construir | Farm |
| 13:30 | Crear | Villager (Male) |
| 13:42 | Construir | Barracks |
| 13:58 | Construir | Palisade Wall |
| 14:03 | Construir | Palisade Wall |
| 14:40 | Investigar | Castle Age |
| 14:42 | Investigar | Loom |
| 14:45 | Investigar | Castle Age |
| 14:48 | Crear | Flemish Militia |
| 14:48 | Crear | Flemish Militia |
| 15:19 | Crear | Flemish Militia |
| 15:19 | Crear | Flemish Militia |
| 15:41 | Construir | Stable |
| 15:58 | Crear | Villager (Male) |
| 16:05 | Investigar | Scale Mail Armor |
| 16:13 | Construir | Stable |
| 16:40 | Crear | Flemish Militia |
| 16:40 | Crear | Flemish Militia |
| 17:15 | Construir | Farm |
| 17:16 | Construir | Farm |
| 17:16 | Construir | Farm |
| 17:16 | Construir | Farm |
| 17:17 | Construir | Farm |
| 17:17 | Construir | Farm |
| 17:18 | Construir | Farm |
| 17:18 | Construir | Farm |
| 17:26 | Investigar | Scale Barding Armor |
| 17:26 | Investigar | Forging |
| 17:49 | Edad | Edad de los Castillos |
| 17:52 | Crear | Knight |
| 17:52 | Crear | Knight |
| 18:15 | Crear | Knight |
| 18:15 | Crear | Knight |
| 18:23 | Construir | Farm |
| 18:28 | Crear | Villager (Male) |
| 18:45 | Crear | Knight |
| 18:46 | Crear | Knight |
| 18:57 | Crear | Knight |
| 18:57 | Crear | Knight |
| 19:10 | Crear | Villager (Male) |
| 19:30 | Construir | Monastery |
| 19:33 | Construir | House |
| 19:34 | Construir | House |
| 19:34 | Construir | House |
| 19:35 | Construir | House |
| 19:36 | Crear | Villager (Male) |
| 20:04 | Crear | Knight |
| 20:04 | Crear | Knight |
| 20:06 | Crear | Villager (Male) |
| 20:34 | Investigar | Chain Barding Armor |
| 20:43 | Construir | Mining Camp |
| 20:46 | Crear | Villager (Male) |
| 21:03 | Crear | Villager (Male) |
| 21:13 | Crear | Knight |
| 21:18 | Crear | Villager (Male) |
| 21:25 | Crear | Monk |
| 21:29 | Crear | Knight |
| 21:30 | Crear | Knight |
| 21:47 | Crear | Villager (Male) |
| 21:57 | Construir | House |
| 22:09 | Crear | Knight |
| 22:09 | Crear | Knight |
| 22:16 | Crear | Villager (Male) |
| 22:22 | Crear | Villager (Male) |
| 22:41 | Investigar | Cavalier (upgrade) |
| 22:55 | Crear | Knight |
| 22:55 | Crear | Knight |
| 23:05 | Crear | Villager (Male) |
| 23:05 | Crear | Villager (Male) |
| 23:11 | Construir | Town Center |
| 23:39 | Crear | Scout Cavalry |
| 23:39 | Crear | Scout Cavalry |
| 23:45 | Crear | Knight |
| 23:45 | Crear | Knight |
| 24:04 | Crear | Villager (Male) |
| 24:05 | Crear | Knight |
| 24:22 | Crear | Knight |
| 24:22 | Crear | Knight |
| 24:28 | Construir | Town Center |
| 24:32 | Crear | Villager (Male) |
| 24:41 | Construir | Farm |
| 24:41 | Construir | Farm |
| 24:41 | Construir | Farm |
| 24:41 | Construir | Farm |
| 24:42 | Construir | Farm |
| 24:42 | Construir | Farm |
| 24:42 | Construir | Farm |
| 24:42 | Construir | Farm |
| 25:00 | Investigar | Husbandry |
| 25:10 | Crear | Villager (Male) |
| 25:11 | Crear | Villager (Male) |
Build order — 1165498765132
Primeras 150 de 339 acciones detectadas
| 0:03 | Construir | House |
| 0:05 | Construir | House |
| 0:07 | Crear | Villager (Male) |
| 0:07 | Crear | Villager (Male) |
| 0:07 | Crear | Villager (Male) |
| 0:08 | Crear | Villager (Male) |
| 0:08 | Crear | Villager (Male) |
| 1:40 | Crear | Villager (Male) |
| 1:41 | Crear | Villager (Male) |
| 2:11 | Crear | Villager (Male) |
| 2:11 | Crear | Villager (Male) |
| 2:12 | Crear | Villager (Male) |
| 2:34 | Crear | Villager (Male) |
| 2:34 | Crear | Villager (Male) |
| 2:37 | Construir | Lumber Camp |
| 3:21 | Crear | Villager (Male) |
| 3:36 | Construir | House |
| 3:43 | Crear | Villager (Male) |
| 3:43 | Crear | Villager (Male) |
| 4:00 | Construir | House |
| 4:15 | Crear | Villager (Male) |
| 4:15 | Crear | Villager (Male) |
| 4:15 | Crear | Villager (Male) |
| 4:59 | Crear | Villager (Male) |
| 5:13 | Crear | Villager (Male) |
| 5:44 | Construir | Mill |
| 5:49 | Crear | Villager (Male) |
| 6:13 | Crear | Villager (Male) |
| 7:03 | Crear | Villager (Male) |
| 7:37 | Crear | Villager (Male) |
| 7:52 | Crear | Villager (Male) |
| 8:11 | Construir | Mining Camp |
| 8:19 | Investigar | Feudal Age |
| 8:27 | Construir | House |
| 10:31 | Crear | Villager (Male) |
| 10:31 | Crear | Villager (Male) |
| 10:37 | Edad | Edad Feudal |
| 10:42 | Construir | Market |
| 10:44 | Construir | Blacksmith |
| 11:27 | Investigar | Double-Bit Axe |
| 11:32 | Investigar | Castle Age |
| 11:32 | Investigar | Castle Age |
| 11:50 | Investigar | Horse Collar |
| 11:50 | Investigar | Horse Collar |
| 11:51 | Crear | Villager (Male) |
| 11:59 | Construir | House |
| 12:47 | Construir | House |
| 12:51 | Construir | House |
| 12:59 | Construir | House |
| 13:06 | Construir | House |
| 13:12 | Construir | House |
| 13:22 | Construir | House |
| 13:24 | Construir | Palisade Wall |
| 13:27 | Construir | Palisade Wall |
| 13:29 | Construir | Palisade Wall |
| 13:51 | Construir | House |
| 14:06 | Investigar | Loom |
| 14:07 | Crear | Villager (Male) |
| 14:12 | Edad | Edad de los Castillos |
| 14:15 | Construir | Town Center |
| 14:19 | Construir | Town Center |
| 14:24 | Investigar | Bow Saw |
| 14:36 | Construir | Monastery |
| 14:40 | Crear | Villager (Male) |
| 14:54 | Construir | Farm |
| 15:14 | Construir | Farm |
| 15:17 | Crear | Villager (Male) |
| 15:36 | Crear | Monk |
| 15:40 | Construir | House |
| 15:42 | Crear | Villager (Male) |
| 15:46 | Construir | Farm |
| 15:46 | Construir | Farm |
| 15:50 | Construir | Farm |
| 16:07 | Construir | Farm |
| 16:10 | Crear | Villager (Male) |
| 16:10 | Crear | Villager (Male) |
| 16:14 | Crear | Villager (Male) |
| 16:23 | Crear | Villager (Male) |
| 16:27 | Construir | Farm |
| 16:31 | Investigar | Fervor |
| 16:31 | Investigar | Fervor |
| 16:39 | Construir | House |
| 16:47 | Construir | Farm |
| 16:47 | Construir | Farm |
| 16:53 | Crear | Villager (Male) |
| 17:05 | Construir | House |
| 17:07 | Crear | Monk |
| 17:07 | Crear | Monk |
| 17:15 | Construir | Farm |
| 17:16 | Construir | Farm |
| 17:16 | Construir | Farm |
| 17:18 | Crear | Villager (Male) |
| 17:18 | Crear | Villager (Male) |
| 17:31 | Construir | House |
| 17:32 | Construir | Palisade Wall |
| 17:35 | Construir | House |
| 17:38 | Construir | House |
| 17:45 | Crear | Villager (Male) |
| 17:45 | Crear | Villager (Male) |
| 17:48 | Construir | Farm |
| 18:05 | Crear | Villager (Male) |
| 18:06 | Crear | Villager (Male) |
| 18:08 | Construir | House |
| 18:21 | Construir | Farm |
| 18:22 | Crear | Villager (Male) |
| 18:31 | Construir | Palisade Gate |
| 18:34 | Crear | Villager (Male) |
| 18:43 | Construir | Palisade Gate |
| 18:48 | Crear | Villager (Male) |
| 18:51 | Construir | Palisade Gate |
| 18:56 | Construir | Farm |
| 19:04 | Construir | House |
| 19:05 | Construir | House |
| 19:06 | Crear | Villager (Male) |
| 19:06 | Crear | Villager (Male) |
| 19:14 | Crear | Villager (Male) |
| 19:14 | Crear | Villager (Male) |
| 19:25 | Construir | Barracks |
| 19:30 | Crear | Villager (Male) |
| 19:34 | Crear | Villager (Male) |
| 19:36 | Construir | Farm |
| 19:38 | Crear | Villager (Male) |
| 19:40 | Crear | Villager (Male) |
| 19:48 | Construir | Farm |
| 19:49 | Crear | Villager (Male) |
| 19:49 | Crear | Villager (Male) |
| 19:49 | Crear | Villager (Male) |
| 19:57 | Crear | Villager (Male) |
| 19:57 | Crear | Villager (Male) |
| 20:02 | Construir | Farm |
| 20:07 | Crear | Spearman |
| 20:07 | Crear | Spearman |
| 20:14 | Crear | Villager (Male) |
| 20:17 | Construir | House |
| 20:19 | Construir | House |
| 20:26 | Crear | Villager (Male) |
| 20:37 | Crear | Villager (Male) |
| 20:39 | Construir | Farm |
| 20:43 | Construir | Farm |
| 20:44 | Crear | Villager (Male) |
| 20:54 | Construir | Gate |
| 20:56 | Crear | Villager (Male) |
| 21:00 | Crear | Spearman |
| 21:09 | Construir | Town Center |
| 21:14 | Crear | Villager (Male) |
| 21:16 | Crear | Villager (Male) |
| 21:26 | Crear | Villager (Male) |
| 21:38 | Crear | Villager (Male) |
| 21:43 | Crear | Villager (Male) |
| 21:46 | Construir | Farm |
Build order — manfred_the_pig
Primeras 150 de 291 acciones detectadas
| 0:01 | Crear | Villager (Male) |
| 0:02 | Crear | Villager (Male) |
| 0:02 | Crear | Villager (Male) |
| 0:02 | Crear | Villager (Male) |
| 0:02 | Crear | Villager (Male) |
| 0:04 | Construir | House |
| 0:05 | Construir | House |
| 1:18 | Crear | Villager (Male) |
| 1:46 | Construir | Lumber Camp |
| 1:51 | Construir | Lumber Camp |
| 1:58 | Crear | Villager (Male) |
| 1:58 | Crear | Villager (Male) |
| 2:21 | Crear | Villager (Male) |
| 2:38 | Construir | House |
| 2:48 | Crear | Villager (Male) |
| 2:48 | Crear | Villager (Male) |
| 3:08 | Crear | Villager (Male) |
| 3:14 | Construir | House |
| 3:45 | Crear | Villager (Male) |
| 3:45 | Crear | Villager (Male) |
| 4:25 | Crear | Villager (Male) |
| 4:25 | Crear | Villager (Male) |
| 4:49 | Crear | Villager (Male) |
| 4:49 | Crear | Villager (Male) |
| 5:06 | Construir | Mill |
| 5:23 | Crear | Villager (Male) |
| 5:27 | Crear | Villager (Male) |
| 5:32 | Investigar | Loom |
| 7:08 | Investigar | Feudal Age |
| 7:33 | Construir | Barracks |
| 7:36 | Construir | Barracks |
| 8:36 | Construir | House |
| 9:06 | Construir | House |
| 9:13 | Crear | Villager (Male) |
| 9:18 | Edad | Edad Feudal |
| 9:22 | Construir | Stable |
| 9:26 | Investigar | Double-Bit Axe |
| 9:32 | Crear | Villager (Male) |
| 9:45 | Crear | Villager (Male) |
| 9:49 | Investigar | Horse Collar |
| 10:02 | Crear | Scout Cavalry |
| 10:03 | Crear | Scout Cavalry |
| 10:08 | Crear | Villager (Male) |
| 10:15 | Crear | Villager (Male) |
| 10:35 | Crear | Villager (Male) |
| 10:38 | Construir | Farm |
| 10:40 | Construir | Farm |
| 10:46 | Crear | Scout Cavalry |
| 11:16 | Crear | Scout Cavalry |
| 11:25 | Crear | Villager (Male) |
| 11:37 | Crear | Scout Cavalry |
| 11:45 | Construir | Farm |
| 11:59 | Crear | Villager (Male) |
| 12:03 | Construir | Farm |
| 12:16 | Crear | Villager (Male) |
| 12:19 | Construir | Farm |
| 12:21 | Construir | Farm |
| 12:22 | Construir | Farm |
| 12:35 | Crear | Villager (Male) |
| 12:37 | Construir | Farm |
| 12:37 | Construir | Farm |
| 12:37 | Construir | Farm |
| 12:37 | Construir | Farm |
| 12:53 | Crear | Villager (Male) |
| 12:54 | Construir | House |
| 12:55 | Construir | House |
| 13:12 | Crear | Villager (Male) |
| 13:30 | Crear | Villager (Male) |
| 13:33 | Construir | Farm |
| 13:33 | Construir | Farm |
| 13:33 | Construir | Farm |
| 13:33 | Construir | Farm |
| 13:52 | Construir | Farm |
| 14:00 | Crear | Villager (Male) |
| 14:03 | Construir | Palisade Wall |
| 14:23 | Crear | Scout Cavalry |
| 14:25 | Crear | Villager (Male) |
| 14:28 | Construir | Farm |
| 14:41 | Crear | Villager (Male) |
| 15:04 | Construir | Mining Camp |
| 15:13 | Crear | Villager (Male) |
| 16:09 | Crear | Scout Cavalry |
| 16:21 | Crear | Scout Cavalry |
| 16:29 | Crear | Scout Cavalry |
| 16:35 | Crear | Scout Cavalry |
| 16:46 | Construir | Farm |
| 16:47 | Construir | Farm |
| 16:47 | Construir | Farm |
| 16:54 | Crear | Villager (Male) |
| 16:57 | Investigar | Gold Mining |
| 16:57 | Investigar | Gold Mining |
| 16:59 | Construir | House |
| 17:00 | Construir | House |
| 17:53 | Crear | Scout Cavalry |
| 18:04 | Crear | Villager (Male) |
| 18:06 | Construir | Blacksmith |
| 18:20 | Crear | Scout Cavalry |
| 19:27 | Investigar | Forging |
| 19:31 | Crear | Villager (Male) |
| 19:33 | Crear | Scout Cavalry |
| 19:54 | Construir | Farm |
| 20:33 | Investigar | Castle Age |
| 20:48 | Investigar | Scale Barding Armor |
| 20:49 | Crear | Scout Cavalry |
| 22:15 | Crear | Villager (Male) |
| 23:02 | Crear | Villager (Male) |
| 23:13 | Edad | Edad de los Castillos |
| 23:21 | Construir | Siege Workshop |
| 23:28 | Crear | Knight |
| 23:29 | Crear | Knight |
| 23:33 | Construir | Stable |
| 23:36 | Construir | Stable |
| 23:42 | Investigar | Chain Barding Armor |
| 23:43 | Investigar | Iron Casting |
| 23:43 | Crear | Villager (Male) |
| 23:49 | Investigar | Bow Saw |
| 23:50 | Construir | Lumber Camp |
| 23:50 | Investigar | Heavy Plow |
| 23:53 | Construir | Town Center |
| 24:12 | Construir | Farm |
| 24:12 | Construir | Farm |
| 24:12 | Construir | Farm |
| 24:12 | Construir | Farm |
| 24:12 | Construir | Farm |
| 24:13 | Construir | Farm |
| 24:17 | Construir | Town Center |
| 24:23 | Construir | Town Center |
| 24:28 | Crear | Villager (Male) |
| 24:31 | Construir | Market |
| 24:39 | Construir | Market |
| 24:57 | Construir | Farm |
| 25:04 | Crear | Villager (Male) |
| 25:13 | Crear | Villager (Male) |
| 25:16 | Construir | Monastery |
| 25:34 | Crear | Villager (Male) |
| 25:37 | Crear | Villager (Male) |
| 25:45 | Crear | Villager (Male) |
| 25:49 | Crear | Villager (Male) |
| 25:50 | Crear | Villager (Male) |
| 25:53 | Crear | Villager (Male) |
| 25:56 | Crear | Missionary |
| 26:02 | Construir | Farm |
| 26:13 | Crear | Villager (Male) |
| 26:26 | Crear | Villager (Male) |
| 26:32 | Crear | Villager (Male) |
| 26:36 | Crear | Villager (Male) |
| 26:37 | Crear | Villager (Male) |
| 26:45 | Crear | Villager (Male) |
| 27:08 | Crear | Villager (Male) |
| 27:09 | Crear | Villager (Male) |
Build order — ohawan12312
Primeras 150 de 304 acciones detectadas
| 0:01 | Crear | Villager (Male) |
| 0:01 | Crear | Villager (Male) |
| 0:01 | Crear | Villager (Male) |
| 0:02 | Crear | Villager (Male) |
| 0:04 | Construir | House |
| 0:06 | Construir | House |
| 1:15 | Crear | Villager (Male) |
| 1:51 | Construir | Lumber Camp |
| 1:53 | Crear | Villager (Male) |
| 2:13 | Crear | Villager (Male) |
| 2:13 | Crear | Villager (Male) |
| 2:51 | Crear | Villager (Male) |
| 3:03 | Construir | House |
| 3:11 | Crear | Villager (Male) |
| 3:33 | Crear | Villager (Male) |
| 3:33 | Crear | Villager (Male) |
| 3:48 | Crear | Villager (Male) |
| 4:24 | Crear | Villager (Male) |
| 4:24 | Crear | Villager (Male) |
| 5:04 | Crear | Villager (Male) |
| 5:09 | Crear | Villager (Male) |
| 5:23 | Crear | Villager (Male) |
| 5:39 | Investigar | Loom |
| 6:55 | Construir | Mining Camp |
| 7:02 | Crear | Villager (Male) |
| 7:11 | Construir | House |
| 7:26 | Investigar | Feudal Age |
| 7:26 | Investigar | Feudal Age |
| 8:06 | Construir | Lumber Camp |
| 9:27 | Crear | Villager (Male) |
| 9:37 | Edad | Edad Feudal |
| 9:40 | Construir | Blacksmith |
| 9:41 | Construir | House |
| 9:44 | Crear | Villager (Male) |
| 9:45 | Investigar | Double-Bit Axe |
| 9:46 | Investigar | Double-Bit Axe |
| 10:11 | Crear | Villager (Male) |
| 10:44 | Construir | Siege Workshop |
| 10:50 | Construir | House |
| 10:54 | Crear | Villager (Male) |
| 11:11 | Crear | Villager (Male) |
| 11:17 | Crear | Battering Ram |
| 11:17 | Crear | Battering Ram |
| 11:25 | Construir | House |
| 11:56 | Crear | Battering Ram |
| 12:04 | Crear | Villager (Male) |
| 12:32 | Crear | Battering Ram |
| 12:32 | Crear | Battering Ram |
| 12:41 | Crear | Villager (Male) |
| 12:46 | Construir | House |
| 12:48 | Crear | Villager (Male) |
| 12:50 | Construir | Mill |
| 13:22 | Crear | Villager (Male) |
| 13:56 | Crear | Villager (Male) |
| 13:59 | Crear | Battering Ram |
| 14:08 | Construir | House |
| 14:09 | Crear | Villager (Male) |
| 14:14 | Construir | Palisade Wall |
| 14:17 | Construir | Palisade Wall |
| 14:21 | Construir | Palisade Wall |
| 14:29 | Construir | House |
| 14:31 | Construir | House |
| 14:33 | Construir | House |
| 14:46 | Crear | Villager (Male) |
| 15:20 | Crear | Villager (Male) |
| 15:24 | Construir | Farm |
| 15:26 | Construir | Farm |
| 15:26 | Construir | Farm |
| 15:29 | Crear | Battering Ram |
| 16:10 | Construir | Farm |
| 16:12 | Construir | Farm |
| 16:25 | Crear | Battering Ram |
| 16:25 | Crear | Villager (Male) |
| 17:11 | Crear | Battering Ram |
| 17:12 | Crear | Villager (Male) |
| 17:15 | Construir | Farm |
| 17:27 | Construir | House |
| 17:34 | Crear | Villager (Male) |
| 17:45 | Crear | Villager (Male) |
| 17:52 | Construir | Farm |
| 17:56 | Crear | Battering Ram |
| 18:46 | Construir | Farm |
| 18:48 | Construir | Farm |
| 18:51 | Construir | Mining Camp |
| 19:00 | Crear | Villager (Male) |
| 19:29 | Construir | House |
| 19:30 | Crear | Villager (Male) |
| 19:34 | Construir | Town Center |
| 19:37 | Construir | Farm |
| 19:38 | Crear | Villager (Male) |
| 20:03 | Crear | Villager (Male) |
| 20:07 | Construir | Farm |
| 20:43 | Construir | Farm |
| 20:53 | Construir | Farm |
| 20:54 | Construir | Farm |
| 20:55 | Crear | Villager (Male) |
| 21:22 | Investigar | Castle Age |
| 21:33 | Construir | Farm |
| 21:34 | Crear | Battering Ram |
| 21:46 | Crear | Battering Ram |
| 22:28 | Investigar | Gold Mining |
| 22:40 | Construir | Lumber Camp |
| 22:54 | Crear | Battering Ram |
| 22:57 | Crear | Villager (Male) |
| 23:01 | Construir | Farm |
| 23:14 | Investigar | Wheelbarrow |
| 23:58 | Construir | Farm |
| 24:02 | Edad | Edad de los Castillos |
| 24:06 | Crear | Villager (Male) |
| 24:11 | Crear | Villager (Male) |
| 24:11 | Crear | Villager (Male) |
| 24:26 | Crear | Villager (Male) |
| 24:26 | Crear | Villager (Male) |
| 24:27 | Crear | Villager (Male) |
| 24:27 | Crear | Villager (Male) |
| 24:29 | Crear | Villager (Male) |
| 24:29 | Crear | Villager (Male) |
| 24:36 | Construir | Farm |
| 24:37 | Construir | Farm |
| 24:40 | Construir | Farm |
| 24:44 | Construir | Farm |
| 24:45 | Construir | Farm |
| 24:45 | Crear | Villager (Male) |
| 24:46 | Crear | Villager (Male) |
| 24:46 | Crear | Villager (Male) |
| 24:46 | Crear | Villager (Male) |
| 24:52 | Crear | Villager (Male) |
| 24:52 | Crear | Villager (Male) |
| 24:53 | Crear | Villager (Male) |
| 24:53 | Crear | Villager (Male) |
| 24:53 | Crear | Villager (Male) |
| 25:08 | Investigar | Bow Saw |
| 25:10 | Crear | Villager (Male) |
| 25:25 | Crear | Villager (Male) |
| 25:25 | Crear | Villager (Male) |
| 25:26 | Crear | Villager (Male) |
| 25:26 | Crear | Villager (Male) |
| 25:26 | Crear | Villager (Male) |
| 25:35 | Crear | Villager (Male) |
| 25:36 | Crear | Villager (Male) |
| 25:43 | Construir | House |
| 25:43 | Crear | Villager (Male) |
| 25:43 | Crear | Villager (Male) |
| 25:44 | Crear | Villager (Male) |
| 25:44 | Crear | Villager (Male) |
| 25:48 | Crear | Villager (Male) |
| 25:48 | Crear | Villager (Male) |
| 25:53 | Crear | Villager (Male) |
| 25:53 | Crear | Villager (Male) |
| 25:55 | Crear | Villager (Male) |
Cronología de la partida
| 3:45 | Bizans Imparatoru Kahpe Leon · wall_segment Palisade Wall x1 |
| 3:48 | Bizans Imparatoru Kahpe Leon · wall_segment Palisade Wall x8 |
| 3:53 | Bizans Imparatoru Kahpe Leon · wall_segment Palisade Wall x6 |
| 7:19 | cyber01599 · first_building Barracks |
| 7:33 | manfred_the_pig · first_building Barracks |
| 8:24 | teko55 · first_building Barracks |
| 8:28 | cyber01599 · age_up feudal |
| 8:35 | cyber01599 · first_building Stable |
| 8:54 | Surion · first_building Barracks |
| 9:18 | manfred_the_pig · age_up feudal |
| 9:19 | teko55 · age_up feudal |
| 9:20 | cyber01599 · wall_segment Palisade Wall x4 |
| 9:21 | cyber01599 · wall_segment Palisade Wall x4 |
| 9:22 | teko55 · first_building Archery Range |
| 9:22 | manfred_the_pig · first_building Stable |
| 9:37 | ohawan12312 · age_up feudal |
| 10:03 | SeemsFishy · age_up feudal |
| 10:37 | 1165498765132 · age_up feudal |
| 10:44 | ohawan12312 · first_building Siege Workshop |
| 10:53 | Bizans Imparatoru Kahpe Leon · age_up feudal |
| 10:58 | Bizans Imparatoru Kahpe Leon · wall_segment Stone Wall x6 |
| 11:02 | Bizans Imparatoru Kahpe Leon · wall_segment Stone Wall x10 |
| 11:04 | Bizans Imparatoru Kahpe Leon · wall_segment Stone Wall x6 |
| 11:22 | SeemsFishy · first_building Barracks |
| 11:32 | Surion · age_up feudal |
| 12:19 | Surion · first_building Stable |
| 13:24 | 1165498765132 · wall_segment Palisade Wall x1 |
| 13:27 | 1165498765132 · wall_segment Palisade Wall x1 |
| 13:28 | cyber01599 · wall_segment Palisade Wall x4 |
| 13:29 | 1165498765132 · wall_segment Palisade Wall x1 |
| 13:58 | SeemsFishy · wall_segment Palisade Wall x7 |
| 14:03 | SeemsFishy · wall_segment Palisade Wall x4 |
| 14:03 | manfred_the_pig · wall_segment Palisade Wall x12 |
| 14:12 | 1165498765132 · age_up castle |
| 14:14 | ohawan12312 · wall_segment Palisade Wall x1 |
| 14:17 | ohawan12312 · wall_segment Palisade Wall x1 |
| 14:21 | ohawan12312 · wall_segment Palisade Wall x1 |
| 14:26 | Surion · wall_segment Palisade Wall x1 |
| 14:32 | Surion · wall_segment Palisade Wall x5 |
| 14:36 | 1165498765132 · first_building Monastery |
| 14:37 | Surion · wall_segment Palisade Wall x3 |
| 15:19 | Surion · wall_segment Palisade Wall x3 |
| 15:41 | SeemsFishy · first_building Stable |
| 15:42 | Surion · age_up castle |
| 16:08 | teko55 · wall_segment Stone Wall x22 |
| 16:11 | Bizans Imparatoru Kahpe Leon · age_up castle |
| 16:13 | 1165498765132 · first_market_buy 100 food |
| 16:22 | Bizans Imparatoru Kahpe Leon · first_building Castle |
| 16:28 | Surion · first_market_sell 100 stone |
| 16:29 | Surion · first_market_buy 100 wood |
| 17:32 | 1165498765132 · wall_segment Palisade Wall x1 |
| 17:49 | SeemsFishy · age_up castle |
| 18:43 | SeemsFishy · first_market_sell 100 wood |
| 18:45 | SeemsFishy · first_market_buy 100 food |
| 19:25 | 1165498765132 · first_building Barracks |
| 19:30 | SeemsFishy · first_building Monastery |
| 21:29 | cyber01599 · age_up castle |
| 22:06 | teko55 · wall_segment Stone Wall x6 |
| 22:25 | teko55 · wall_segment Stone Wall x6 |
| 22:43 | 1165498765132 · wall_segment Stone Wall x12 |
| 22:54 | Bizans Imparatoru Kahpe Leon · first_building Siege Workshop |
| 23:13 | manfred_the_pig · age_up castle |
| 23:21 | manfred_the_pig · first_building Siege Workshop |
| 23:35 | 1165498765132 · first_building Castle |
| 24:02 | ohawan12312 · age_up castle |
| 24:09 | teko55 · wall_segment Stone Wall x7 |
| 24:23 | Bizans Imparatoru Kahpe Leon · wall_segment Stone Wall x6 |
| 24:26 | teko55 · wall_segment Stone Wall x8 |
| 25:16 | manfred_the_pig · first_building Monastery |
| 25:25 | 1165498765132 · wall_segment Stone Wall x9 |
| 25:27 | 1165498765132 · wall_segment Stone Wall x7 |
| 25:33 | 1165498765132 · first_building Siege Workshop |
| 25:37 | manfred_the_pig · first_market_buy 100 food |
| 25:37 | teko55 · age_up castle |
| 25:38 | teko55 · wall_segment Stone Wall x7 |
| 25:51 | Bizans Imparatoru Kahpe Leon · wall_segment Stone Wall x1 |
| 25:53 | Bizans Imparatoru Kahpe Leon · wall_segment Stone Wall x1 |
| 28:51 | 1165498765132 · age_up imperial |
| 28:53 | Bizans Imparatoru Kahpe Leon · wall_segment Stone Wall x1 |
| 28:54 | Bizans Imparatoru Kahpe Leon · wall_segment Stone Wall x1 |
| 28:54 | Bizans Imparatoru Kahpe Leon · wall_segment Stone Wall x1 |
| 28:59 | ohawan12312 · first_building Barracks |
| 31:15 | Bizans Imparatoru Kahpe Leon · wall_segment Stone Wall x7 |
| 31:23 | Bizans Imparatoru Kahpe Leon · wall_segment Stone Wall x18 |
| 32:05 | Surion · first_building Monastery |
| 32:24 | teko55 · first_building Siege Workshop |
| 32:41 | SeemsFishy · first_building Castle |
| 33:00 | manfred_the_pig · first_building Castle |
| 33:10 | Bizans Imparatoru Kahpe Leon · first_building Stable |
| 33:19 | teko55 · first_building Castle |
| 33:57 | ohawan12312 · age_up imperial |
| 34:12 | Bizans Imparatoru Kahpe Leon · resign |
| 34:13 | ohawan12312 · first_building Castle |
[ ANÁLISIS IA · 1 CRÉDITO ]
¿Qué pasó realmente en esta partida?
Wolo.gg analiza cada decisión: build order, eco, micro, errores típicos por bracket. Análisis personalizado por WhatsApp o Discord en 30 segundos.
Guía civ
Turcos
Perfil
Jugador #2127665